 Dungeon Crawl Stone Soup version 0.28.0-53-g5a82cb258f (webtiles) character file.

Game seed: 14030030518801125945

198 Icepheonix32 the Insei (level 5, -6/55 HPs)
             Began as a Merfolk Transmuter on June 6, 2022.
             Mangled by a water moccasin (7 damage)
             ... on level 4 of the Dungeon.
             The game lasted 00:03:49 (3913 turns).

Icepheonix32 the Insei (Merfolk Transmuter)         Turns: 3913, Time: 00:03:50

Health: -6/55      AC:  3    Str: 10      XL:     5   Next: 77%
Magic:  7/8        EV: 13    Int: 13 (15) God:
Gold:   99         SH:  0    Dex: 12 (14) Spells: 2/8 levels left

rFire   . . .      SeeInvis .     - Unarmed
rCold   . . .      Faith    .   (no shield)
rNeg    . . .      Spirit   .   a - +0 robe
rPois   .          Reflect  .   i - +0 helmet
rElec   .          Harm     .   (no cloak)
rCorr   .          Rampage  .   (no gloves)
Will    .....                   (no boots)
Stlth   ..........              (no amulet)
HPRegen 0.18/turn               (no ring)
MPRegen 0.11/turn               (no ring)

@: berserking, lethally poisoned (-6 -> -16), very quick
A: (nimble swimmer 2), mertail
a: no special abilities


You were on level 4 of the Dungeon.
You visited 1 branch of the dungeon, and saw 4 of its levels.

You collected 99 gold pieces.

Inventory:

Hand Weapons
 e - a +0 short sword
Missiles
 j - 5 poisoned darts
Armour
 a - a +0 robe (worn)
 i - a +0 helmet (worn)
Jewellery
 f - a ring of protection from fire
Scrolls
 b - a scroll of teleportation
 g - a scroll of vulnerability
 k - 2 scrolls of fear
 o - a scroll of enchant weapon {unknown}
 q - a scroll of identify
Potions
 c - a potion of attraction
 h - 2 potions of brilliance {unknown}
 n - a potion of ambrosia {unknown}
 p - a potion of might {unknown}
 r - 3 potions of mutation {unknown}


   Skills:
 - Level 1.1 Fighting
 + Level 3.4 Dodging
 + Level 5.3 Unarmed Combat
 - Level 2.0 Spellcasting
 * Level 5.3 Transmutations


You had 2 spell levels left.
You knew the following spells:

 Your Spells              Type           Power      Damage    Failure   Level
a - Beastly Appendage     Tmut           30%        N/A       2%          1
b - Wereblood             Tmut           15%        N/A       4%          2
c - Spider Form           Tmut/Pois      8%         N/A       26%         3

Your spell library contained the following spells:

 Spells                   Type           Power      Damage    Failure   Level
 Sting                    Tmut/Pois      32%        1d4       9%          1
 Animate Skeleton         Necr           2%         N/A       26%         1
 Apportation              Tloc           2%         N/A       26%         1
 Summon Small Mammal      Summ           4%         N/A       26%         1
 Poisonous Vapours        Pois/Air       2%         N/A       36%         2
 Stone Arrow              Conj/Erth      2%         3d7       58%         3
 Ice Form                 Ice/Tmut       8%         N/A       63%         4
 Animate Armour           Summ/Erth      2%         N/A       94%         4
 Olgreb's Toxic Radiance  Pois           1%         N/A       94%         4
 Lehudib's Crystal Spear  Conj/Erth      0%         10d2      100%        8


Dungeon Overview and Level Annotations

Branches:
Dungeon (4/15)
 Temple: D:4-7

Altars:

Annotations:
D:3 Sigmund


Innate Abilities, Weirdness & Mutations

((You are very nimble when in or above water. (Stealth+, EV+, Speed+++)))
Your lower body shifts to a powerful aquatic tail in water.


Message History

You feel very sick. The water moccasin bites you.
The iguana bites you but does no damage.
You feel very sick.
You feel very sick. The water moccasin bites you.
You feel sick.
You feel sick. The water moccasin bites you!
* * * LOW HITPOINT WARNING * * *
You feel sick.
It was a potion of berserk rage.
A red film seems to cover your vision as you go berserk!
You feel yourself moving faster!
You feel mighty!
You feel sick. The water moccasin bites you.
* * * LOW HITPOINT WARNING * * *
You closely miss the water moccasin.
The water moccasin is moderately wounded.
The water moccasin closely misses you.
You closely miss the water moccasin.
The water moccasin is moderately wounded.
You feel sick. The water moccasin misses you.
Unknown command.
You closely miss the water moccasin.
The water moccasin is moderately wounded.
You feel sick. The water moccasin bites you.
* * * LOW HITPOINT WARNING * * *
You are lethally poisoned!
The water moccasin poisons you!
Unknown command.
You closely miss the water moccasin.
The water moccasin is moderately wounded.
* * * LOW HITPOINT WARNING * * *
You feel sick.
The water moccasin bites you but does no damage.
Unknown command.
You punch the water moccasin!
The water moccasin is severely wounded.
* * * LOW HITPOINT WARNING * * *
You feel sick. The water moccasin bites you!
You die...

#.# #.#
#..?. #.#
#..(. #.#
#.... #.#
#.... #.#
#:... #.#
#....## #.#
#.....# #@#
#.....###S#
#####....l#
#.....#
#.....#
#.....#
#.....#
#.....#
#.....#


You could see a water moccasin and an iguana.

Vanquished Creatures
  A scorpion (D:4)
  Natasha (D:2)
  5 adders
  A worm (D:2)
  3 dart slugs (D:3)
  3 endoplasms
  2 giant cockroaches (D:1)
  4 goblins
  7 hobgoblins
  7 kobolds
  2 quokkas
  8 ball pythons
  5 bats
  2 frilled lizards (D:2)
  13 rats
64 creatures vanquished.

Notes
Turn   | Place    | Note
-------+----------+-------------------------------------------
     0 | D:1      | Icepheonix32 the Merfolk Transmuter began the quest for the
                  | Orb.
     0 | D:1      | Reached XP level 1. HP: 15/15 MP: 3/3
    19 | D:1      | Found a faded altar of an unknown god.
   148 | D:1      | Reached XP level 2. HP: 18/21 MP: 3/5
   923 | D:1      | Reached XP level 3. HP: 26/26 MP: 4/6
  2123 | D:2      | Reached XP level 4. HP: 16/32 MP: 5/7
  2373 | D:2      | Noticed Natasha
  2383 | D:2      | Killed Natasha
  3047 | D:3      | Reached XP level 5. HP: 32/37 MP: 8/8
  3260 | D:3      | Reached skill level 5 in Unarmed Combat
  3520 | D:3      | Noticed Sigmund
  3574 | D:4      | Reached skill level 5 in Transmutations
  3880 | D:4      | Noticed a water moccasin
  3887 | D:4      | Learned a level 2 spell: Wereblood
  3891 | D:4      | Learned a level 3 spell: Spider Form
  3913 | D:4      | HP: 1/55 [poisoned by a water moccasin]
  3913 | D:4      | Mangled by a water moccasin

Illustrated notes

Levels and vault maps discovered:
D:1:      minmay_arrival_radiant_lines, layout_basic, serial_forest,
          infiniplex_forest_end_2, infiniplex_forest_clump_curved,
          infiniplex_forest_clump_double, infiniplex_forest_diagonal,
          infiniplex_forest_zigzag_1, infiniplex_forest_clump_cross,
          basic_ecumenical_altar, amcnicky_mini_rare_corridor_liquid
D:2:      layout_basic, solitary_fountain, kennysheep_crisscross,
          kennysheep_small_spiral, minmay_misc_feat_more_columns, uniq_natasha
D:3:      layout_basic, mainiacjoe_overflow_divided_tiny,
          minmay_misc_feat_enclosed, minmay_misc_feat_doors,
          hangedman_glass_teeth, minmay_circle_x, uniq_sigmund,
          uniq_crazy_yiuf_cottage
D:4:      layout_basic, minmay_curled_crystal

Skill      XL: |  1  2  3  4  5 |
---------------+----------------+-----
Transmutations | 3 4 5 |  5.3
Unarmed Combat | 4 5 |  5.3
Dodging        | 3 |  3.4
Fighting       | |  1.1
Spellcasting   | |  2.0

Action                   |  1- 3 |  4- 6 || total
-------------------------+-------+-------++-------
Melee: Unarmed           |   108 |    84 ||   192
       Headbutt          |    11 |    12 ||    23
       Punch             |       |     2 ||     2
 Cast: Beastly Appendage |    22 |    15 ||    37
       Spider Form       |       |     1 ||     1
  Use: Scroll            |       |     5 ||     5
       Potion            |       |     3 ||     3
 Stab: Sleeping          |       |     2 ||     2
Armor: Robe              |    17 |    10 ||    27
       Skin              |       |     2 ||     2
Dodge: Dodged            |    64 |    63 ||   127
